 Dungeon Crawl Stone Soup version 0.23.2-30-g0e89c35649 (webtiles) character file.

Game seed: 12384922279678609320

121 redwoodhats the Skirmisher (level 5, -3/43 HPs)
             Began as a Barachi Berserker on June 20, 2019.
             Was a Believer of Trog.
             Slain by a gnoll
             ... wielding a +0 club
              (5 damage)
             ... on level 3 of the Dungeon.
             The game lasted 00:09:41 (2799 turns).

redwoodhats the Skirmisher (Barachi Berserker)      Turns: 2799, Time: 00:09:42

Health: -3/43      AC:  2    Str: 23      XL:     5   Next: 5%
Magic:  5/5        EV: 13    Int:  5 (8)  God:    Trog [**....]
Gold:   90         SH:  0    Dex: 11      Spells: 4/4 levels left

rFire    . . .     SeeInvis .   a - +0 spear
rCold    . . .     Gourm    .   (no shield)
rNeg     . . .     Faith    .   b - +0 animal skin
rPois    .         Spirit   .   (no helmet)
rElec    .         Reflect  .   (no cloak)
rCorr    .         Harm     .   (no gloves)
MR       ++...                  (no boots)
Stlth    +.........             (no amulet)
HPRegen  1.14/turn              f - ring of attention (curse)
MPRegen  0.09/turn              g - +4 ring of strength

@: berserk cooldown, regenerating, slowed, very slow
A: +LOS, swims, slowness 1, strong legs 1
a: Hop, Berserk, Trog's Hand, Renounce Religion


You were on level 3 of the Dungeon.
You worshipped Trog.
Trog was pleased with you.
You were not hungry.

You visited 1 branch of the dungeon, and saw 3 of its levels.

You collected 90 gold pieces.

Inventory:

Hand Weapons
 a - a +0 spear (weapon)
Armour
 b - a +0 animal skin (worn)
Jewellery
 f - a cursed ring of attention (left hand)
 g - a +4 ring of strength (right hand)
Wands
 c - a wand of flame (20)
Scrolls
 e - a scroll of teleportation
Comestibles
 j - 2 rations


   Skills:
 + Level 4.6 Fighting
 + Level 4.1 Polearms
 + Level 2.4 Armour
 + Level 3.0 Dodging
 + Level 1.4 Stealth


You had 4 spell levels left.
You didn't know any spells.
Your spell library was empty.

Dungeon Overview and Level Annotations

Branches:
Dungeon (3/15)

Altars:
Hepliaklqana
Makhleb
Nemelex Xobeh


Innate Abilities, Weirdness & Mutations

Shadows flee at your approach. (+LOS)
You can swim through water.
You cover ground slowly.
You can hop short distances.


Message History

You hit the gnoll but do no damage.
The gnoll is moderately wounded.
The gnoll hits you with a +0 club!
* * * LOW HITPOINT WARNING * * *
The gnoll hits you with a +0 club.
* * * LOW HITPOINT WARNING * * *
You hit the gnoll.
The gnoll is heavily wounded.
The gnoll closely misses you.
Your skin crawls.
You feel resistant to hostile enchantments.
You feel somewhat more hungry. The gnoll hits you but does no damage.
You barely miss the gnoll.
The gnoll is heavily wounded.
The gnoll hits you with a +0 club!
* * * LOW HITPOINT WARNING * * *
You closely miss the gnoll.
The gnoll is heavily wounded.
The gnoll hits you with a +0 club.
You die...

.....++#.#.##.#......#
.........#..#.#......#
.........[............
#........##...#......#
#........###..#......#
#........# #..#.####..
#........###..#. ##.#
##########.#....#.....
+....††@g..............
########.#.............
#.#.#.##.......(
#.#.#..#....#.##
(.#.##.#.#..# # .....
......# .....# .#.#..#
##.... ...# .. #.... ..
. .


You could see a gnoll.

Vanquished Creatures
  A gnoll (D:3)
  4 adders
  An ooze (D:1)
  3 worms (D:2)
  3 dart slugs (D:1)
  A leopard gecko (D:1)
  2 ball pythons (D:2)
  2 giant cockroaches
  9 goblins
  7 hobgoblins
  3 jackals (D:1)
  4 kobolds
  8 bats
  3 frilled lizards
  7 rats
58 creatures vanquished.

Notes
Turn   | Place    | Note
-------+----------+-------------------------------------------
     0 | D:1      | redwoodhats the Barachi Berserker began the quest for the
                  | Orb.
     0 | D:1      | Reached XP level 1. HP: 18/18 MP: 1/1
   161 | D:1      | Reached XP level 2. HP: 25/25 MP: 2/2
   756 | D:1      | Reached XP level 3. HP: 25/30 MP: 3/3
   949 | D:1      | Reached skill level 1 in Stealth
  1031 | D:1      | Reached ** piety under Trog
  1467 | D:2      | Found a sparkling altar of Nemelex Xobeh.
  1467 | D:2      | Found a hazy altar of Hepliaklqana.
  1533 | D:2      | Found a burning altar of Makhleb.
  1582 | D:2      | Reached XP level 4. HP: 30/38 MP: 4/4
  2791 | D:3      | Reached XP level 5. HP: 33/43 MP: 5/5
  2798 | D:3      | HP: 1/43 [gnoll/+0 club (8)]
  2799 | D:3      | Slain by a gnoll

Skill      XL: |  1  2  3  4 |
---------------+-------------+-----
Fighting       | 4 |  4.6
Stealth        | 1 |  1.4
Polearms       | 4 |  4.1
Dodging        | 3 |  3.0
Armour         | |  2.4

Action                   |  1- 3 |  4- 6 || total
-------------------------+-------+-------++-------
Melee: Spear             |   150 |    92 ||   242
Invok: Berserk           |     2 |     1 ||     3
       Trog's Hand       |       |     1 ||     1
 Abil: Hop               |     1 |       ||     1
  Use: Scroll            |     2 |     1 ||     3
       Potion            |     1 |     5 ||     6
 Stab: Sleeping          |     2 |       ||     2
  Eat: Chunk             |     1 |     3 ||     4
       Ration            |     1 |     1 ||     2
Armor: Animal skin       |    35 |    12 ||    47
Dodge: Dodged            |   103 |    52 ||   155
